Map: Abiogenesis LE

Players

fruitcake - Winner!

  • Race: Zerg Zerg
  • Spawn Location: 5:00

A.I. 1 (Harder)

  • Race: Protoss Protoss
  • Spawn Location: 11:00

VOD

Have the link to the VOD?

Description

Time

  • Played on: May 5, 2018, 3:43 p.m.
  • Length: 12:39
Show
View Real Time Build Order
Export as new Build Order

fruitcake Zerg - Winner!

Build Orders: Pool First 

Get SALT Encoding   

  12  0:01  Drone  
  13  0:14  Overlord  
  14  0:21  Drone  
  14  0:29  Extractor  
  14  0:30  Drone  
  14  0:34  Drone  
  15  0:46  Spawning Pool  
  15  0:49  Drone  
  15  0:53  Drone  
  16  0:58  Drone  
  17  1:19  Extractor  
  17  1:20  Drone x2  
  18  1:36  Hatchery  
  17  1:42  Drone  
  17  1:46  Zergling x2  
  19  1:57  Queen  
  19  2:01  Drone  
  22  2:08  Overlord  
  22  2:19  Overlord  
  22  2:40  Roach Warren  
  22  2:41  Zergling x4  
  23  2:47  Drone  
  24  2:53  Queen  
  26  2:59  Drone  
  26  3:03  Drone  
  28  3:06  Drone  
  29  3:25  Drone x2  
  31  3:29  Roach x2  
  31  3:31  Drone  
  36  3:45  Drone x3  
  36  3:48  Roach  
  41  3:50  Roach  
  43  3:56  Overlord  
  43  4:03  Drone  
  44  4:18  Drone x3  
  44  4:23  Roach x2, Zergling x2  
  52  4:25  Lair  
  52  4:37  Overlord  
  52  4:40  Overlord x2  
  52  4:56  Roach  
  52  4:58  Roach  
  56  5:12  Drone x2  
  58  5:14  Extractor  
  58  5:16  Extractor  
  58  5:19  Roach x2, Zergling x2  
  61  5:28  Drone x2  
  47  5:52  Drone x4  
  51  6:03  Hydralisk Den  
  50  6:08  Spire  
  50  6:09  Roach x3  
  50  6:10  Roach x2  
  50  6:11  Roach x2  
  62  6:12  Roach  
  62  6:14  Roach x2  
  68  6:22  Drone x2  
  70  6:30  Overlord x2  
  70  6:38  Hydralisk  
  72  6:48  Hydralisk x3  
  78  7:04  Hatchery, Hydralisk x2  
  78  7:05  Hydralisk x3  
  87  7:16  Drone x2  
  87  7:19  Hydralisk  
  91  7:41  Overlord x2  
  91  7:47  Overlord x2  
  91  8:00  Evolution Chamber  
  91  8:03  Zerg Flyer Weapons Level 1  
  90  8:11  Mutalisk x5, Hydralisk x3  
  90  8:12  Hydralisk  
  108  8:16  Hydralisk  
  110  8:25  Drone x2  
  112  8:28  Drone x2  
  114  8:39  Mutalisk, Hydralisk x2  
  120  8:43  Hydralisk  
  122  8:53  Drone x2, Extractor  
  122  8:54  Extractor  
  122  9:04  Mutalisk, Hydralisk x2  
  124  9:22  Mutalisk, Hydralisk x2  
  130  9:37  Overlord  
  130  9:38  Overlord x2  
  130  9:41  Overlord x3  
  130  9:42  Overlord  
  130  9:44  Zerg Missile Weapons Level 1  
  130  10:03  Zerg Flyer Weapons Level 2  
  130  10:09  Grooved Spines  
  130  10:12  Hydralisk x2  
  130  10:13  Hydralisk  
  134  10:20  Drone x3  
  139  10:23  Overlord  
  139  10:24  Overlord  
  139  10:26  Drone x2  
  139  10:27  Drone x2  
  143  10:31  Mutalisk  
  143  10:34  Hydralisk  
  147  10:51  Drone x2  
  147  10:56  Mutalisk, Hydralisk x2  
  153  10:59  Hydralisk x2  
  153  11:02  Hydralisk  
  161  11:06  Hydralisk  
  163  11:14  Hydralisk  
  163  11:15  Hydralisk  
  167  11:23  Hydralisk x2  
  165  11:35  Mutalisk x2, Hydralisk x2  
  139  11:56  Mutalisk x3, Hydralisk x3  
  145  12:10  Mutalisk, Hydralisk  
  145  12:11  Hydralisk x2  
  145  12:14  Hydralisk  
Show
View Real Time Build Order
Export as new Build Order

A.I. 1 (Harder) Protoss 

Build Orders:  

Get SALT Encoding   

  12  0:00  Probe  
  13  0:13  Probe  
  14  0:19  Pylon  
  14  0:25  Probe  
  15  0:33  Probe  
  15  0:39  Gateway  
  15  0:41  Probe  
  16  0:47  Assimilator  
  17  0:50  Probe  
  18  0:58  Pylon  
  18  0:59  Probe  
  19  1:21  Probe  
  20  1:28  Zealot  
  20  1:29  Cybernetics Core  
  22  1:43  Gateway  
  22  1:46  Assimilator  
  22  1:58  Adept  
  22  2:01  Pylon  
  24  2:15  Warp Gate  
  24  2:24  Zealot  
  24  2:29  Stalker  
  28  2:44  Pylon  
  28  2:46  Stalker  
  30  2:59  Stalker  
  30  3:04  Probe  
  33  3:11  Adept  
  33  3:16  Probe  
  36  3:20  Pylon  
  36  3:28  Probe  
  36  3:29  Stalker  
  39  3:35  Forge  
  39  3:38  Stalker  
  39  3:40  Probe  
  42  3:52  Probe  
  43  4:05  Probe  
  44  4:41  Protoss Ground Weapons Level 1  
  44  4:51  Adept  
  46  4:53  Gateway  
  46  4:57  Pylon  
  46  4:58  Adept  
  48  5:05  Photon Cannon  
  48  5:11  Sentry  
  50  5:15  Photon Cannon  
  50  5:17  Robotics Facility  
  50  5:18  Adept  
  48  5:31  Adept  
  48  5:32  Pylon  
  48  5:39  Adept  
  44  5:46  Zealot  
  44  5:54  Zealot  
  46  6:01  Adept  
  48  6:05  Observer  
  48  6:08  Stalker  
  48  6:11  Nexus  
  51  6:15  Stalker  
  53  6:22  Protoss Ground Armor Level 1, Sentry  
  55  6:26  Observer  
  55  6:31  Adept  
  58  6:38  Adept  
  60  6:45  Stargate  
  59  6:53  Twilight Council  
  59  7:02  Forge  
  59  7:23  Probe  
  59  7:24  Probe  
  61  7:35  Pylon, Probe  
  62  7:37  Probe  
  62  7:39  Pylon  
  63  7:48  Probe  
  63  7:49  Probe  
  65  7:59  Photon Cannon  
  65  8:00  Probe  
  65  8:01  Probe  
  65  8:02  Photon Cannon  
  67  8:12  Probe x2  
  69  8:21  Probe  
  69  8:24  Probe  
  71  8:29  Probe  
  72  8:36  Probe  
  72  8:38  Probe  
  74  8:48  Probe, Robotics Bay  
  75  8:51  Void Ray  
  75  8:52  Gateway  
  75  8:55  Robotics Facility  
  79  8:58  Stargate  
  79  9:06  Nexus  
  67  9:18  Sentry  
  67  9:22  Assimilator  
  63  9:26  Assimilator  
  63  9:30  Warp Prism  
  65  9:42  Warp Prism  
  67  9:47  Gateway  
  67  10:02  Stargate, Disruptor  
  70  10:08  Zealot  
  72  10:15  Observer  
  72  10:16  Stalker  
  75  10:24  Sentry  
  75  10:25  Assimilator  
  77  10:29  Assimilator, Warp Prism  
  77  10:32  Void Ray  
  77  10:35  Disruptor  
  86  10:48  Void Ray  
  90  11:02  Disruptor  
  90  11:03  Disruptor  
  90  11:08  Probe  
  90  11:10  Probe  
  98  11:13  Probe  
  99  11:20  Probe  
  99  11:22  Probe  
  101  11:27  Fleet Beacon  
  71  11:41  Zealot  
  71  11:43  Stalker  
  60  11:50  Stalker  
  60  11:57  Stalker  
  42  12:07  Stalker  
  41  12:14  Pylon  
  39  12:19  Pylon  
  25  12:24  Pylon  
Tags
 
Add a new tag
Caveats
  • Supply blocks, unpowered buildings, or Contaminate may cause inaccurate times.
  • Supply counts are checked every 10 seconds.